 Dungeon Sprint DCSS version 0.19.0-19-g8c6edcc (webtiles) character file.

1480 poirepourri the Earth Mage (level 8, -16/43 HPs)
             Began as a Gargoyle Earth Elementalist on Nov 12, 2016.
             Was a Follower of Vehumet.
             Shot with an arrow by a centaur warrior (20 damage)
             ... in the Dungeon (Sprint I: "Red Sonja").
             The game lasted 00:02:10 (872 turns).

poirepourri the Earth Mage (GrEE)                    Turns: 872, Time: 00:02:10

Health: -16/43     AC:  7    Str: 12    XL:     8   Next: 79%
Magic:  12/22      EV: 13    Int: 18    God:    Vehumet [*.....]
Gold:   133        SH:  4    Dex: 10    Spells: 6 memorised, 11 levels left

rFire  . . .     SeeInvis .     (no weapon)
rCold  . . .     Gourm    .     c - +0 robe
rNeg   + . .     Faith    .     (no shield)
rPois  ∞         Spirit   .     (no helmet)
rElec  +         Reflect  +     (no cloak)
rCorr  .         Harm     .     (no gloves)
MR     .....     NoTele   +     (no boots)
Stlth  ++........               m - +4 amulet of reflection
                                (no ring)
                                (no ring)

@: no status effects
A: negative energy resistance 1, electricity resistance, unbreathing,
petrification resistance, rot immunity, AC +5
a: Renounce Religion


You were in the Dungeon.
You worshipped Vehumet.
Vehumet was aware of your devotion.
You were hungry.

You visited 1 branch You collected 528 gold pieces.
You spent 395 gold pieces at shops.

Inventory:

Missiles
 b - 8 stones (quivered)
Armour
 c - a +0 robe (worn)
Jewellery
 m - a +4 amulet of reflection (around neck)
Scrolls
 n - a scroll of identify
Potions
 a - a potion of cure mutation
 e - a potion of curing
 f - a potion of might
 g - a potion of haste
 h - a potion of magic
 i - a potion of berserk rage
Books
 k - a book of Geomancy

   Spells                             Type                      Level
   a - Sandblast                      Earth                        1
   b - Passwall                       Transmutation/Earth          2
   c - Stone Arrow                    Conjuration/Earth            3
   d - Petrify                        Transmutation/Earth          4
   e - Lee's Rapid Deconstruction     Earth                        5
Comestibles
 d - a bread ration
 j - a slice of pizza
 l - 2 meat rations


   Skills:
 + Level 1.3 Fighting
 + Level 4.8 Dodging
 - Level 4.0 Stealth
 + Level 10.1 Spellcasting
 + Level 2.0 Conjurations
 + Level 1.3 Transmutations
 + Level 16.2 Earth Magic


You had 11 spell levels left.
You knew the following spells:

 Your Spells              Type           Power        Failure   Level  Hunger
a - Sandblast             Erth           ######       0%          1    None
b - Passwall              Tmut/Erth      #####.....   1%          2    None
c - Stone Arrow           Conj/Erth      #####.       1%          3    None
d - Petrify               Tmut/Erth      #####...     2%          4    ###....
e - Lee's Rapid Deconstr  Erth           ######....   1%          5    #####..
f - Shock                 Conj/Air       ##..         6%          1    None


Dungeon Overview and Level Annotations

Branches:
Dungeon (1/1)

Altars:
Cheibriados
Dithmenos
Elyvilon
Fedhas
Gozag
Hepliaklqana
Kikubaaqudgha
Nemelex Xobeh
Okawaru
Qazlal
Ru
Sif Muna
Trog
Uskayaw
Vehumet
Yredelemnul
Zin
The Shining One

Shops:
D %=[


Innate Abilities, Weirdness & Mutations

You are resistant to torment.
Your stone body is resilient. (AC +5)
You are immune to poison.
You resist negative energy. (rN+)
You are resistant to electric shocks. (rElec)
You can survive without breathing.
You are immune to petrification.
You are immune to rotting.


Message History

The blast of rock fragments hits the centaur warrior.
The centaur warrior is lightly wounded.
You are feeling hungry.
Casting: Lee's Rapid Deconstruction
Confirm with . or Enter, or press ? or * to list all spells.
Aiming: Lee's Rapid Deconstruction
Press: ? - help, Dir - move target cursor That beam is likely to hit you.
Continue anyway?
The wall shatters!
The blast of rock fragments hits the centaur warrior.
The centaur warrior is moderately wounded.
The blast of rock fragments hits the centaur warrior.
The centaur warrior is severely wounded.
The blast of rock fragments hits you!
The centaur warrior wields a longbow.
The centaur warrior shoots an arrow.
The arrow hits you!!
Ouch! That really hurt!
* * * LOW HITPOINT WARNING * * *
The centaur warrior wields a longbow.
The centaur warrior shoots an arrow.
The arrow hits you!!
You die...

..'..#..').#..+
..#####'#####'# ##
..####..#...#.####§§
..#__####..##(#§§§§c
..#_____##'#..+§≈§§§
⌠⌠#_.∩...'.(._#§§§§
###_..__##_.#'##cc##
#_____###'#.#(.(.###
###########)####@###.##
∩^.......'.........'.∩#
##++++####...##########
##(## #+#


You could see 2 centaur warriors.

Vanquished Creatures
  Sonja (D)
  A deep troll (D)
  Sigmund (D)
  A yak (D)
  An ogre (D)
  A jelly (D)
  Ijyb (D)
7 creatures vanquished.

Notes
Turn   | Place    | Note
-------+----------+-------------------------------------------
     0 | D        | poirepourri the Gargoyle Earth Elementalist began the quest for the Orb.
     0 | D        | Reached XP level 1. HP: 10/10 MP: 3/3
     3 | D        | Noticed Ijyb
     8 | D        | Killed Ijyb
     8 | D        | Reached skill level 6 in Earth Magic
     8 | D        | Reached XP level 2. HP: 15/15 MP: 3/6
     8 | D        | Reached XP level 3. HP: 19/19 MP: 3/7
   134 | D        | Noticed an ogre
   137 | D        | Killed an ogre
   137 | D        | Reached skill level 9 in Earth Magic
   137 | D        | Reached XP level 4. HP: 24/24 MP: 5/10
   239 | D        | Noticed Sigmund
   244 | D        | Killed Sigmund
   244 | D        | Reached skill level 11 in Earth Magic
   244 | D        | Reached XP level 5. HP: 28/28 MP: 5/13
   244 | D        | Reached XP level 6. HP: 32/32 MP: 5/15
   315 | D        | Learned a level 2 spell: Passwall
   319 | D        | Learned a level 3 spell: Stone Arrow
   324 | D        | Learned a level 4 spell: Petrify
   330 | D        | Learned a level 5 spell: Lee's Rapid Deconstruction
   346 | D        | Found a deep blue altar of Sif Muna.
   348 | D        | Found a radiant altar of Vehumet.
   368 | D        | Became a worshipper of Vehumet
   386 | D        | Found Jingieff's Jewellery Emporium.
   386 | D        | Found an ancient bone altar of Kikubaaqudgha.
   386 | D        | Found a hazy altar of Hepliaklqana.
   386 | D        | Found a stormy altar of Qazlal.
   386 | D        | Found a hide-covered altar of Uskayaw.
   386 | D        | Found a blossoming altar of Fedhas.
   386 | D        | Found a bloodstained altar of Trog.
   386 | D        | Found an iron altar of Okawaru.
   386 | D        | Found a basalt altar of Yredelemnul.
   386 | D        | Found a glowing golden altar of the Shining One.
   386 | D        | Found a snail-covered altar of Cheibriados.
   386 | D        | Found a sacrificial altar of Ru.
   386 | D        | Found a glowing silver altar of Zin.
   386 | D        | Found a shadowy altar of Dithmenos.
   386 | D        | Found a white marble altar of Elyvilon.
   386 | D        | Noticed a yak
   389 | D        | Killed a yak
   389 | D        | Reached skill level 1 in Transmutations
   389 | D        | Reached skill level 13 in Earth Magic
   390 | D        | Found an opulent altar of Gozag.
   391 | D        | Found a sparkling altar of Nemelex Xobeh.
   395 | D        | Bought a +4 amulet of reflection for 275 gold pieces
   416 | D        | Noticed Sonja
   420 | D        | Killed Sonja
   420 | D        | Reached skill level 1 in Conjurations
   420 | D        | Reached skill level 15 in Earth Magic
   420 | D        | Reached XP level 7. HP: 36/36 MP: 6/19
   420 | D        | Reached XP level 8. HP: 41/41 MP: 6/21
   497 | D        | Found Migeth's Food Boutique.
   505 | D        | Bought a meat ration for 60 gold pieces
   505 | D        | Bought a meat ration for 60 gold pieces
   517 | D        | Noticed a deep troll
   530 | D        | Killed a deep troll
   530 | D        | Reached * piety under Vehumet
   530 | D        | Offered knowledge of Shock by Vehumet.
   530 | D        | Reached skill level 1 in Fighting
   530 | D        | Reached skill level 10 in Spellcasting
   530 | D        | Reached skill level 16 in Earth Magic
   731 | D        | Learned a level 1 spell: Shock
   746 | D        | Found Gulaynn's Armour Emporium.
   868 | D        | Noticed a centaur warrior
   871 | D        | Noticed a centaur warrior
   872 | D        | Shot with an arrow by a centaur warrior

Skill      XL: |  1  2  3  4  5  6  7  8 |
---------------+-------------------------+-----
Dodging        | 2 3 4 |  4.8
Spellcasting   | 3 4 6 9 10 | 10.1
Earth Magic    | 6 9 11 15 16 | 16.2
Stealth        | 4 |  4.0
Transmutations | 1 |  1.3
Conjurations   | 1 2 |  2.0
Fighting       | 1 |  1.3

Action                   |  1- 3 |  4- 6 |  7- 9 || total
-------------------------+-------+-------+-------++-------
 Cast: Sandblast         |     6 |    10 |     7 ||    23
       Stone Arrow       |       |     3 |     2 ||     5
       Lee's Rapid Decon |       |       |     4 ||     4
  Use: Potion            |     1 |       |     1 ||     2
       Scroll            |       |     1 |     3 ||     4
Armor: Robe              |     3 |     1 |     2 ||     6
Dodge: Dodged            |       |     3 |     6 ||     9
Block: Other             |       |     1 |     4 ||     5
       Reflection        |       |     1 |       ||     1
